 Dungeon Crawl Stone Soup version 0.31-a0-145-g046c7d2549 (webtiles) character file.

Game seed: 13399635396995355476

6 xian the Vexing (level 1, 0/13 HPs)
             Began as a Demonspawn Enchanter on June 7, 2023.
             Slain by a bat (1 damage)
             ... on level 1 of the Dungeon.
             The game lasted 00:00:52 (291 turns).

xian the Vexing (Demonspawn Enchanter)               Turns: 291, Time: 00:00:53

Health: 0/13       AC:  3    Str:  8    XL:     1   Next: 75%
Magic:  3/3        EV: 11    Int: 16    God:
Gold:   7          SH:  0    Dex: 13    Spells: 4/4 levels left

rFire   . . .        a - +1 dagger
rCold   . . .        (no shield)
rNeg    . . .        i - +0 leather armour
rPois   .            (no helmet)
rElec   .            (no cloak)
rCorr   .            (no gloves)
SInv    .            (no boots)
Will    .....        (no amulet)
Stlth   ++           (no ring)
HPRegen 0.22/turn    (no ring)
MPRegen 0.08/turn

%: no passive effects
@: no status effects
A: no striking features
a: no special abilities


You were on level 1 of the Dungeon.
You visited 1 branch of the dungeon, and saw 1 of its levels.

You collected 7 gold pieces.

Inventory:

Hand Weapons
 a - a +1 dagger (weapon)
Missiles
 e - 7 stones (quivered)
Armour
 i - a +0 leather armour (worn)
Scrolls
 f - a scroll of blinking {unknown}
Potions
 c - 2 potions of invisibility
 d - a potion of heal wounds {unknown}
 h - a potion of might {unknown}


   Skills:
 + Level 0.8 Short Blades
 + Level 1.7 Dodging
 + Level 2.7 Stealth
 + Level 2.1 Spellcasting
 + Level 3.1 Hexes


You had 4 spell levels left.
You didn't know any spells.
Your spell library contained the following spells:

 Spells                   Type           Power      Damage    Failure   Level
 Ensorcelled Hibernation  Hex/Ice        12%        N/A       24%         2
 Confusing Touch          Hex            11%        N/A       24%         3
 Tukima's Dance           Hex            11%        N/A       24%         3
 Dazzling Flash           Conj/Hex       12%        N/A       43%         3


Dungeon Overview and Level Annotations

Branches:
Dungeon (1/15)

Altars:


Message History

The endoplasm freezes you.
You are frozen.
* * * LOW HITPOINT WARNING * * *
You hit the endoplasm.
The endoplasm is almost dead.
The bat hits you but does no damage.
The endoplasm hits you but does no damage.
You hit the endoplasm.
You kill the endoplasm!
The bat closely misses you.
You barely miss the bat. The bat barely misses you.
The bat hits you but does no damage.
You hit the bat.
The bat is heavily wounded.
The bat hits you but does no damage.
You barely miss the bat.
The bat is heavily wounded.
The bat hits you but does no damage. x3
You barely miss the bat.
The bat is heavily wounded.
The bat hits you.
* * * LOW HITPOINT WARNING * * *
The bat hits you.
* * * LOW HITPOINT WARNING * * *
The bat hits you but does no damage.
You completely miss the bat.
The bat is heavily wounded.
The bat misses you. The bat hits you.
* * * LOW HITPOINT WARNING * * *
You hit the bat.
The bat is heavily wounded.
The bat hits you but does no damage. The bat barely misses you.
You miss the bat.
The bat is heavily wounded.
The bat barely misses you. x2; The bat hits you but does no damage.
You hit the bat but do no damage.
The bat is heavily wounded.
The bat hits you but does no damage. The bat completely misses you.
The bat hits you.
You die...

####.#.####.#
#[.....####.#
#........##.#
#).....#.##.########
.....#.#.##.##.....#
#...†.......##.###.#
#...####.........#.#####
##..# #######.#.#b....#
##..# #$.@...# ....#
#.##b#.# ##..# #..#(# .#
....# ..#.#) # ##..
#.##.##. # #. ... #. #
## ##.# .# . .


You could see 2 bats.

Vanquished Creatures
  An endoplasm (D:1)
  A giant cockroach (D:1)
  A ball python (D:1)
  A frilled lizard (D:1)
  A kobold (D:1)
  2 rats (D:1)
7 creatures vanquished.

Notes
Turn   | Place    | Note
-------+----------+-------------------------------------------
     0 | D:1      | xian the Demonspawn Enchanter began the quest for the Orb.
     0 | D:1      | Reached XP level 1. HP: 13/13 MP: 3/3
   291 | D:1      | Slain by a bat

Illustrated notes

Levels and vault maps discovered:
D:1:      sevenhm_arrival_forest_fort_small_6, layout_loops_cross,
          minmay_tromino_v7

Action                     || total
---------------------------++-------
  Melee: Dagger            ||    26
  Throw: Stone             ||     1
   Stab: Sleeping          ||     1
 Armour: Leather armour    ||    16
  Dodge: Dodged            ||    21

Table legend: (Time is in decaauts)
 A = Elapsed time spent in this place.
 B = Non-inter-level travel time spent in this place.
 C = Inter-level travel time spent in this place.
 D = Time resting spent in this place.
 E = Time spent auto-exploring this place.
 F = Levels seen in this place.
 G = Mean time per level.
                   A        B        C        D        E       F      G
               +--------+--------+--------+--------+--------+-----+--------+
         Total |    289 |    289 |      0 |      0 |    170 |   1 |  289.0 |
       Dungeon |    289 |    289 |      0 |      0 |    170 |   1 |  289.0 |
               +--------+--------+--------+--------+--------+-----+--------+

Top non-repeatable levels by time:
     D:1: 289 daAuts
